 Dungeon Crawl Stone Soup version 0.31.0-4-g52a2dc7128 (webtiles) character file.

Game seed: 16839814217181074291

4 RKaid the Ruffian (level 1, -1/17 HPs)
             Began as a Djinni Shapeshifter on Jan 23, 2024.
             Slain by a quokka (5 damage)
             ... on level 1 of the Dungeon.
             The game lasted 00:02:25 (163 turns).

RKaid the Ruffian (Djinni Shapeshifter)              Turns: 163, Time: 00:02:26

Health: -1/17      AC:  2    Str: 13    XL:     1   Next: 77%
Gold:   0          EV: 12    Int: 11    God:
                   SH:  0    Dex: 12

rFire   + +          .
                       - Unarmed
rCold   x . .        (no shield)
rNeg    . . .        a - +0 animal skin
rPois   ∞            (helmet currently unavailable)
rElec   .            (cloak currently unavailable)
rCorr   .            (gloves currently unavailable)
SInv    .            (boots unavailable)
Will    .....        (no amulet)
Stlth   +            (no ring)
HPRegen 0.22/turn    (no ring)
MPRegen 0.00/turn

%: infuse magic (-2 HP)
@: beast-form, flying
A: beast (slay +1), flying, sickness immunity, fire resistance 2, cold
vulnerability 1, float, innate caster, HP casting, extra vitality 1
a: Begin Untransformation


You were on level 1 of the Dungeon.
You were a hulking beast.
You visited 1 branch of the dungeon, and saw 1 of its levels.

Inventory:

Armour
 a - a +0 animal skin (worn)
Talismans
 c - a beast talisman
 d - a flux talisman
Potions
 b - a potion of lignification {!q}


   Skills:
 + Level 1.1 Fighting
 + Level 2.3 Dodging
 + Level 3.0 Unarmed Combat
 + Level 2.7 Shapeshifting You didn't know any spells. Your spell library was empty.

Dungeon Overview and Level Annotations

Branches:
Dungeon (1/15)

Altars:


Innate Abilities, Weirdness & Mutations

You are a hulking beast.
Your limbs bulge with bestial killing power. (Slay +1)
You are flying.
You are immune to sickness and miasma.
You are immune to poison.
Your flesh is very heat resistant. (rF++)
You are vulnerable to cold. (rC-)
You float through the air rather than walking.
You learn spells naturally, not from books.
Your magical power is your life essence.
You have superior vitality. (+4 MHP)


Message History

Welcome, RKaid the Djinni Shapeshifter.
Will you be the one to retrieve the fantabulous Orb of Zot from the depths?
Press ? for a list of commands and other information.
Found a staircase leading out of the dungeon.
Okay, then.
Attack: -) Nothing wielded
Press: ? - help, Dir - move target, f - you
Okay, then.
Okay, then.
There is a fountain of clear blue water here.
You reach down and open the door.
Found a stone staircase leading down.
There is an open door here.
Found a stone staircase leading down.
An endoplasm comes into view.
The endoplasm quivers.
There is a stone staircase leading down here.
There is a stone staircase leading down here.
You hit the endoplasm. You hit the endoplasm.
You kill the endoplasm!
An endoplasm comes into view.
The endoplasm quivers.
The endoplasm hits you.
You hit the endoplasm. The endoplasm freezes you.
You are frozen!
You feel a terrible chill!
You punch the endoplasm!
You kill the endoplasm!
You start resting.
A quokka comes into view.
You closely miss the quokka. The quokka misses you.
You hit the quokka. The quokka barely misses you.
You closely miss the quokka. The quokka completely misses you.
You hit the quokka.
You kill the quokka!
A frilled lizard comes into view.
The frilled lizard hisses angrily.
You miss the frilled lizard.
The frilled lizard bites you but does no damage.
You closely miss the frilled lizard. The frilled lizard barely misses you.
You completely miss the frilled lizard. The frilled lizard bites you.
You barely miss the frilled lizard.
The frilled lizard bites you but does no damage.
You barely miss the frilled lizard. You miss the frilled lizard.
The frilled lizard bites you.
You barely miss the frilled lizard. The frilled lizard closely misses you.
You hit the frilled lizard. The frilled lizard barely misses you.
You closely miss the frilled lizard. The frilled lizard bites you.
You closely miss the frilled lizard.
The frilled lizard completely misses you.
You hit the frilled lizard.
You kill the frilled lizard!
You start resting.
You see here a frilled lizard corpse.
You see here a +0 dagger.
A quokka comes into view.
You closely miss the quokka. The quokka bites you.
You hit the quokka but do no damage. The quokka bites you.
You hit the quokka but do no damage. The quokka bites you. x2
* * * LOW HITPOINT WARNING * * *
You barely miss the quokka. The quokka barely misses you.
You closely miss the quokka. The quokka bites you.
* * * LOW HITPOINT WARNING * * *
You hit the quokka. The quokka bites you.
You die...

### #. #...... #.
#.##... #. #.##..#
#. #.##.[# #.
#.##..# #. #.##..#
#.######)##..####.#
#.rh..............#
#.#######.##..####.#
. .#. #.##..####.#
.##.# #..........#
.#..# ####..#######
....# #.........
##..# #†########
#..# #####.## #..#
#......#


You could see a quokka.

Vanquished Creatures
  2 endoplasms (D:1)
  A quokka (D:1)
  A frilled lizard (D:1)
4 creatures vanquished.

Notes
Turn   | Place    | Note
-------+----------+-------------------------------------------
     0 | D:1      | RKaid the Djinni Shapeshifter began the quest for the Orb.
     0 | D:1      | Reached XP level 1. HP: 17/17 MP: 0/0
   162 | D:1      | HP: 4/17 [quokka (1)]
   163 | D:1      | Slain by a quokka

Illustrated notes

Levels and vault maps discovered:
D:1:      psy_arrival_fountain, layout_loops_ring,
          chequers_ecumenical_altar_simple

Action                     || total
---------------------------++-------
  Melee: Unarmed           ||    25
 Armour: Animal skin       ||    12
  Dodge: Dodged            ||     8

Table legend: (Time is in decaauts)
 A = Elapsed time spent in this place.
 B = Non-inter-level travel time spent in this place.
 C = Inter-level travel time spent in this place.
 D = Time resting spent in this place.
 E = Time spent auto-exploring this place.
 F = Levels seen in this place.
 G = Mean time per level.
                   A        B        C        D        E       F      G
               +--------+--------+--------+--------+--------+-----+--------+
         Total |    161 |    161 |      0 |     43 |     43 |   1 |  161.0 |
       Dungeon |    161 |    161 |      0 |     43 |     43 |   1 |  161.0 |
               +--------+--------+--------+--------+--------+-----+--------+

Top non-repeatable levels by time:
     D:1: 161 daAuts

Table legend:
 A = Kills in this place as a percentage of kills in the entire game.
 B = Kills by you in this place as a percentage of kills by you in the entire game.
 C = Kills by friends in this place as a percentage of kills by friends in the entire game.
 D = Other kills in this place as a percentage of other kills in the entire game.
 E = Experience gained in this place as a percentage of experience gained in the entire game.
 F = Experience gained in this place divided by the number of levels of this place that you have seen.
                   A       B       C       D       E      F
               +-------+-------+-------+-------+-------+----------------------
         Total | 100.0 | 100.0 |   N/A |   N/A | 100.0 |   7.0
       Dungeon | 100.0 | 100.0 |   N/A |   N/A | 100.0 |   7.0
               +-------+-------+-------+-------+-------+----------------------
